Map: Newkirk Precinct TE (Void)

Players

WayTeh - Winner!

  • Race: Protoss Protoss
  • League: Master
  • Spawn Location: 7:00

A.I. 1 (Hard)

  • Race: Zerg Zerg
  • Spawn Location: 5:00

VOD

Have the link to the VOD?

Description

Time

  • Played on: Feb. 14, 2017, 1:17 p.m.
  • Length: 6:34
Show
View Real Time Build Order
Export as new Build Order

WayTeh Protoss - Winner!

Build Orders: 1 Gate Expand 

Get SALT Encoding   

  12  0:01  Probe (Chrono Boost)  
  13  0:11  Probe (Chrono Boost)  
  14  0:18  Pylon  
  14  0:22  Probe (Chrono Boost)  
  15  0:37  Probe (Chrono Boost)  
  15  0:39  Gateway  
  16  0:44  Assimilator  
  16  0:50  Probe (Chrono Boost)  
  17  1:00  Probe (Chrono Boost)  
  19  1:11  Probe (Chrono Boost)  
  19  1:21  Nexus  
  19  1:25  Probe (Chrono Boost)  
  20  1:36  Cybernetics Core  
  20  1:37  Probe (Chrono Boost)  
  21  1:46  Assimilator  
  21  1:48  Probe (Chrono Boost)  
  22  1:57  Pylon  
  22  1:58  Probe (Chrono Boost)  
  23  2:08  Warp Gate  
  23  2:15  Probe (Chrono Boost), Adept  
  26  2:22  Robotics Facility  
  26  2:26  Probe (Chrono Boost)  
  27  2:33  Probe (Chrono Boost)  
  27  2:36  Probe (Chrono Boost)  
  30  2:44  Probe (Chrono Boost)  
  30  2:45  Pylon  
  30  2:47  Probe (Chrono Boost)  
  31  2:54  Probe (Chrono Boost)  
  31  2:55  Sentry  
  31  2:57  Probe (Chrono Boost)  
  35  3:04  Immortal  
  35  3:05  Probe (Chrono Boost)  
  36  3:09  Probe (Chrono Boost)  
  41  3:15  Probe (Chrono Boost)  
  43  3:21  Probe (Chrono Boost)  
  43  3:22  Gateway  
  43  3:26  Gateway  
  43  3:38  Warp Prism  
  45  3:42  Pylon, Mothership Core (Chrono Boost)  
  47  3:55  Gateway  
  47  3:57  Gateway  
  47  3:59  Gateway  
  47  4:12  Sentry  
  49  4:19  Sentry  
  49  4:21  Sentry  
  53  4:32  Pylon  
  53  4:33  Pylon  
  53  4:34  Pylon  
  53  4:43  Adept x2  
  53  4:45  Adept  
  59  4:53  Adept  
  59  4:54  Adept x2  
  65  5:04  Pylon  
  65  5:16  Adept x6  
  75  5:37  Adept x5  
  75  5:38  Adept  
  75  5:42  Pylon  
  87  5:44  Pylon  
  87  5:46  Pylon  
  87  5:49  Pylon  
  87  6:03  Adept x6  
  99  6:26  Adept  
  99  6:27  Adept x4  
  99  6:28  Zealot  
Show
View Real Time Build Order
Export as new Build Order

A.I. 1 (Hard) Zerg 

Build Orders: Hatch First 

Get SALT Encoding   

  12  0:01  Drone  
  13  0:13  Overlord  
  13  0:18  Drone  
  14  0:31  Drone  
  14  0:32  Drone  
  14  0:34  Drone  
  17  0:56  Hatchery  
  16  0:58  Drone  
  17  1:13  Spawning Pool  
  17  1:15  Drone  
  17  1:19  Drone  
  17  1:23  Extractor  
  17  1:24  Drone  
  18  1:31  Overlord  
  18  1:39  Drone  
  19  2:00  Zergling x4  
  21  2:02  Queen  
  21  2:04  Roach Warren  
  21  2:08  Drone  
  23  2:09  Extractor  
  23  2:11  Drone  
  23  2:24  Drone  
  24  2:38  Drone  
  24  2:42  Overlord  
  24  2:43  Roach  
  27  2:53  Drone  
  27  2:57  Drone, Lair  
  29  2:58  Roach  
  31  3:09  Drone  
  32  3:13  Ravager  
  33  3:21  Drone, Extractor  
  33  3:25  Drone  
  34  3:27  Drone  
  35  3:35  Evolution Chamber  
  35  3:36  Drone  
  35  3:43  Evolution Chamber  
  35  3:44  Drone  
  35  3:48  Roach  
  37  3:55  Overlord  
  37  3:59  Hydralisk Den  
  36  4:03  Drone, Roach  
  39  4:20  Drone  
  40  4:25  Overlord  
  40  4:27  Hydralisk  
  40  4:30  Drone  
  43  4:32  Drone  
  43  4:35  Drone  
  43  4:38  Drone  
  46  4:41  Hydralisk, Drone  
  46  4:44  Drone  
  50  4:47  Drone  
  50  4:50  Drone  
  52  4:55  Overlord  
  52  4:56  Hydralisk  
  52  4:57  Drone  
  54  5:00  Drone  
  54  5:05  Drone  
  55  5:11  Roach  
  42  5:23  Queen  
  42  5:25  Roach  
  42  5:28  Hydralisk  
  46  5:32  Hydralisk  
  46  5:35  Hydralisk  
  48  5:39  Hydralisk  
  31  5:54  Roach  
  29  6:00  Drone  
  29  6:01  Hydralisk  
  30  6:05  Zergling x2  
Tags
 
Add a new tag
Caveats
  • Supply blocks, unpowered buildings, or Contaminate may cause inaccurate times.
  • Supply counts are checked every 10 seconds.